ESL (28 & UNDER)
SPRINGFIELD SIMPSONS @ WILMINGTON REBELS
07/28/2027
 
TOP OF THE 1ST
Springfield Simpsons batting - Pitching for Wilmington Rebels : RHP António Encarnación
Pitching: RHP António Encarnación
Batting: LHB Raúl Morales 0-0: Called Strike
0-1: Ball
1-1: Ground out 4-3 (Groundball, 34D)
Batting: RHB Bob Carr 0-0: Ball
1-0: Swinging Strike
1-1: Ball
2-1: Foul Ball, location: 2F
2-2: Ball
3-2: SINGLE (Groundball, 56D)
Batting: LHB Mitchell Oglethorpe 0-0: Ball
1-0: Foul Ball, location: 2F
1-1: Foul Ball, location: 2F
1-2: Ball
2-2: Ball
3-2: Foul Ball, location: 2F
3-2: Grounds into double play, 4-6-3 (Groundball, 4)
Top of the 1st over - 0 run(s), 1 hit(s), 0 error(s), 0 left on base; Springfield 0 - Wilmington 0
BOTTOM OF THE 1ST
Wilmington Rebels batting - Pitching for Springfield Simpsons : RHP Errol Murphy
Pitching: RHP Errol Murphy
Batting: RHB Javier Martínez 0-0: Ball
1-0: Swinging Strike
1-1: Foul Ball, location: 2F
1-2: Ground out 6-3 (Groundball, 6)
Batting: RHB Al Reese 0-0: Foul Ball, location: 2F
0-1: Swinging Strike
0-2: Ball
1-2: Strikes out swinging
Batting: RHB Enrico Bonizo 0-0: Called Strike
0-1: Ball
1-1: Ground out 6-3 (Groundball, 6)
Bottom of the 1st over - 0 run(s), 0 hit(s), 0 error(s), 0 left on base; Springfield 0 - Wilmington 0
TOP OF THE 2ND
Springfield Simpsons batting - Pitching for Wilmington Rebels : RHP António Encarnación
Batting: RHB Marcos Castillo 0-0: Called Strike
0-1: Called Strike
0-2: Ball
1-2: Foul Ball, location: 2F
1-2: Ball
2-2: Ball
3-2: Strikes out looking
Batting: LHB Bruce Foster 0-0: Ground out 5-3 (Groundball, 25)
Batting: LHB Jesús Raugel 0-0: Ball
1-0: Called Strike
1-1: Called Strike
1-2: Ball
2-2: Fly out, F7 (Flyball, 78S)
Top of the 2nd over - 0 run(s), 0 hit(s), 0 error(s), 0 left on base; Springfield 0 - Wilmington 0
BOTTOM OF THE 2ND
Wilmington Rebels batting - Pitching for Springfield Simpsons : RHP Errol Murphy
Batting: LHB Chandler Hubbard 0-0: Called Strike
0-1: Ball
1-1: Ball
2-1: Ball
3-1: Base on Balls
Batting: RHB Jessie Thompson 0-0: SINGLE (Groundball, 56D)
Chandler Hubbard to second
Batting: RHB Francisco Tañón 0-0: Ball
1-0: Foul Ball, location: 2F
1-1: Ball
2-1: Foul Ball, location: 2F
2-2: Ball
3-2: Foul Ball, location: 2F
3-2: SINGLE (Line Drive, 78S)
Chandler Hubbard to third
Jessie Thompson to second
Runner from 3rd tries for Home, SAFE, throw made home
Batting: RHB Eugene Ackerman 0-0: Called Strike
0-1: Ball
1-1: Ball
2-1: Ball
3-1: Foul Ball, location: 2F
3-2: Foul Ball, location: 2F
3-2: Base on Balls
Jessie Thompson to third
Francisco Tañón to second
Batting: RHB Stephen Cochran 0-0: DOUBLE (Line Drive, 7LM)
Jessie Thompson scores
Francisco Tañón scores
Eugene Ackerman to third
Batting: LHB Larry Smith 0-0: Swinging Strike
0-1: Ball
1-1: Called Strike
1-2: Ball
2-2: Strikes out swinging
Batting: RHB Javier Martínez 0-0: Called Strike
0-1: Swinging Strike
0-2: Ball
1-2: Ball
2-2: Fly out, F8 (Line Drive, 8RM)
Runner from 3rd tags up, OUT at HOME
Bottom of the 2nd over - 3 run(s), 3 hit(s), 0 error(s), 1 left on base; Springfield 0 - Wilmington 3
TOP OF THE 3RD
Springfield Simpsons batting - Pitching for Wilmington Rebels : RHP António Encarnación
Batting: RHB Esteban Salas 0-0: Ball
1-0: Fly out, F8 (Line Drive, 8LS)
Batting: LHB Carlos De La Rosa 0-0: Called Strike
0-1: Fly out, F8 (Flyball, 89D)
Batting: RHB Taylor Justice 0-0: Ball
1-0: Foul Ball, location: 2F
1-1: Ground out 5-3 (Groundball, 56)
Top of the 3rd over - 0 run(s), 0 hit(s), 0 error(s), 0 left on base; Springfield 0 - Wilmington 3
BOTTOM OF THE 3RD
Wilmington Rebels batting - Pitching for Springfield Simpsons : RHP Errol Murphy
Batting: RHB Al Reese 0-0: Ball
1-0: Ball
2-0: Called Strike
2-1: Called Strike
2-2: Ball
3-2: Foul Ball, location: 2F
3-2: Fly out, F9 (Flyball, 89S)
Batting: RHB Enrico Bonizo 0-0: SINGLE (Flyball, 78S)
Batting: LHB Chandler Hubbard 0-0: Called Strike
0-1: Called Strike
0-2: Strikes out swinging
Batting: RHB Jessie Thompson 0-0: Ball
1-0: Called Strike
Enrico Bonizo steals 2nd base
1-1: Foul Ball, location: 2F
1-2: Ground out 6-3 (Groundball, 56)
Bottom of the 3rd over - 0 run(s), 1 hit(s), 0 error(s), 1 left on base; Springfield 0 - Wilmington 3
TOP OF THE 4TH
Springfield Simpsons batting - Pitching for Wilmington Rebels : RHP António Encarnación
Batting: LHB Raúl Morales 0-0: Ball
1-0: Called Strike
1-1: Foul Ball, location: 2F
1-2: Ball
2-2: Ball
3-2: Foul Ball, location: 2F
3-2: Foul Ball, location: 2F
3-2: SINGLE (Flyball, 8RS)
Batting: RHB Bob Carr 0-0: Called Strike
Raúl Morales steals 2nd base
0-1: Swinging Strike
0-2: Ball
1-2: Strikes out swinging
Batting: LHB Mitchell Oglethorpe 0-0: Called Strike
Raúl Morales steals 3rd base
0-1: Ball
1-1: Ball
2-1: Ball
3-1: Base on Balls
Batting: RHB Marcos Castillo 0-0: Foul Ball, location: 2F
0-1: Ball
1-1: SINGLE (Line Drive, 4MD)
Raúl Morales scores
Mitchell Oglethorpe to second
Batting: LHB Bruce Foster 0-0: SINGLE (Flyball, 8RS)
Mitchell Oglethorpe to third
Marcos Castillo to second
Batting: LHB Jesús Raugel 0-0: Ball
1-0: Called Strike
1-1: Ball
2-1: Called Strike
2-2: Fielders Choice at 2nd, 3-6 (Groundball, 3)
Mitchell Oglethorpe scores
Marcos Castillo to third
Batting: RHB Esteban Salas 0-0: Ball
1-0: Called Strike
1-1: Fly out, F2 (Popup, 5S)
Top of the 4th over - 2 run(s), 3 hit(s), 0 error(s), 2 left on base; Springfield 2 - Wilmington 3
BOTTOM OF THE 4TH
Wilmington Rebels batting - Pitching for Springfield Simpsons : RHP Errol Murphy
Batting: RHB Francisco Tañón 0-0: Ball
1-0: Ball
2-0: Foul Ball, location: 2F
2-1: DOUBLE (Popup, 5D)
Batting: RHB Eugene Ackerman 0-0: Ball
1-0: 2-RUN HOME RUN (Flyball, 9LD), Distance : 374 ft
Batting: RHB Stephen Cochran 0-0: Called Strike
0-1: Foul Ball, location: 2F
0-2: Ball
1-2: SINGLE (Groundball, 6MD)
Batting: LHB Larry Smith 0-0: Ball
1-0: Called Strike
1-1: Foul Ball, location: 2F
1-2: Ball
2-2: Foul Ball, location: 2F
2-2: Foul Ball, location: 2F
2-2: Foul Ball, location: 2F
2-2: DOUBLE (Groundball, 3L)
Stephen Cochran to third
Runner from 3rd tries for Home, SAFE, no throw
Pitching: LHP Alberto Martínez
Batting: RHB Javier Martínez 0-0: Foul Ball, location: 2F
0-1: Foul Ball, location: 2F
0-2: SINGLE (Line Drive, 8RS)
Larry Smith to third
Runner from 3rd tries for Home, SAFE, no throw
Batting: RHB Al Reese 0-0: Ball
1-0: Called Strike
1-1: Called Strike
1-2: Ball
2-2: SINGLE (Groundball, 56D)
Javier Martínez to second
Batting: RHB Enrico Bonizo 0-0: Called Strike
0-1: SINGLE (Line Drive, 6MD)
Javier Martínez to third
Al Reese to second
Runner from 3rd tries for Home, SAFE, no throw
Batting: LHB Chandler Hubbard 0-0: Foul Ball, location: 2F
0-1: Ball
1-1: Called Strike
1-2: Strikes out looking
Batting: RHB Jessie Thompson 0-0: DOUBLE (Line Drive, 7LM)
Al Reese scores
Enrico Bonizo to third
Batting: RHB Francisco Tañón 0-0: Ball
1-0: Ball
2-0: Called Strike
2-1: Ball
3-1: Base on Balls
Batting: RHB Eugene Ackerman 0-0: Called Strike
0-1: Ball
1-1: Called Strike
1-2: Ball
2-2: Fly out, F4 (Popup, 4D)
Batting: RHB Stephen Cochran 0-0: Ball
1-0: Foul Ball, location: 2F
1-1: Ball
2-1: Foul Ball, location: 2F
2-2: SINGLE (Groundball, 56D)
Enrico Bonizo scores
Jessie Thompson to third
Francisco Tañón to second
Runner from 3rd tries for Home, SAFE, no throw
Pitching: LHP Michael Miller
Batting: LHB Larry Smith 0-0: Ball
1-0: Called Strike
1-1: Called Strike
1-2: Ball
2-2: Fly out, F8 (Flyball, 8LM)
Bottom of the 4th over - 8 run(s), 9 hit(s), 0 error(s), 2 left on base; Springfield 2 - Wilmington 11
TOP OF THE 5TH
Springfield Simpsons batting - Pitching for Wilmington Rebels : RHP António Encarnación
Batting: LHB Carlos De La Rosa 0-0: Called Strike
0-1: Ball
1-1: Ball
2-1: Ground out 4-3 (Groundball, 4)
Batting: RHB Taylor Justice 0-0: Ball
1-0: Ball
2-0: Ball
3-0: Called Strike
3-1: Foul Ball, location: 2F
3-2: Base on Balls
Batting: LHB Raúl Morales 0-0: Foul Ball, location: 2F
0-1: Foul Ball, location: 2F
0-2: Ball
1-2: Fly out, F2 (Popup, 2R)
Batting: RHB Bob Carr 0-0: Called Strike
0-1: Ball
1-1: Ball
2-1: Foul Ball, location: 2F
2-2: Reached on error, E6 (Groundball, 6)
Taylor Justice to second
Batting: LHB Mitchell Oglethorpe 0-0: Called Strike
0-1: Foul Ball, location: 2F
0-2: Ball
1-2: Foul Ball, location: 2F
1-2: Ground out 1-3 (Groundball, 15S)
Top of the 5th over - 0 run(s), 0 hit(s), 1 error(s), 2 left on base; Springfield 2 - Wilmington 11
BOTTOM OF THE 5TH
Wilmington Rebels batting - Pitching for Springfield Simpsons : LHP Michael Miller
Batting: RHB Javier Martínez 0-0: Ball
1-0: Called Strike
1-1: Ground out 5-3 (Groundball, 5L)
Batting: RHB Al Reese 0-0: Called Strike
0-1: Ball
1-1: Swinging Strike
1-2: Foul Ball, location: 2F
1-2: Strikes out swinging
Batting: RHB Enrico Bonizo 0-0: Ball
1-0: SINGLE (Flyball, 7LM)
Batting: LHB Chandler Hubbard 0-0: SINGLE (Groundball, 6D)
Enrico Bonizo to second
Batting: RHB Jessie Thompson 0-0: Ball
1-0: Fly out, F8 (Flyball, 8LM)
Bottom of the 5th over - 0 run(s), 2 hit(s), 0 error(s), 2 left on base; Springfield 2 - Wilmington 11
TOP OF THE 6TH
Springfield Simpsons batting - Pitching for Wilmington Rebels : RHP António Encarnación
Batting: RHB Marcos Castillo 0-0: Called Strike
0-1: Fly out, F9 (Flyball, 9S)
Batting: LHB Bruce Foster 0-0: Ball
1-0: Ground out 6-3 (Groundball, 6M)
Batting: LHB Jesús Raugel 0-0: Foul Ball, location: 2F
0-1: Ball
1-1: Ball
2-1: Ball
3-1: Base on Balls
Pitching: LHP Corey Moore
Batting: RHB Esteban Salas 0-0: Ball
1-0: Called Strike
1-1: SINGLE (Line Drive, 89S)
Jesús Raugel to second
Batting: LHB Carlos De La Rosa 0-0: SINGLE (Groundball, 4MD)
Jesús Raugel to third
Esteban Salas to second
Runner from 3rd tries for Home, SAFE, no throw
Batting: RHB Taylor Justice 0-0: Ball
1-0: Foul Ball, location: 2F
1-1: 3-RUN HOME RUN (Flyball, 7D), Distance : 373 ft
Batting: LHB Raúl Morales 0-0: Called Strike
0-1: Ground out U3 (Groundball, 3)
Top of the 6th over - 4 run(s), 3 hit(s), 0 error(s), 0 left on base; Springfield 6 - Wilmington 11
BOTTOM OF THE 6TH
Wilmington Rebels batting - Pitching for Springfield Simpsons : LHP Michael Miller
Batting: RHB Francisco Tañón 0-0: Called Strike
0-1: Foul Ball, location: 2F
0-2: Ball
1-2: Foul Ball, location: 2F
1-2: Ball
2-2: Strikes out swinging
Batting: RHB Eugene Ackerman 0-0: Ground out 5-3 (Groundball, 5)
Batting: RHB Stephen Cochran 0-0: Ball
1-0: Called Strike
1-1: Called Strike
1-2: Strikes out looking
Bottom of the 6th over - 0 run(s), 0 hit(s), 0 error(s), 0 left on base; Springfield 6 - Wilmington 11
TOP OF THE 7TH
Springfield Simpsons batting - Pitching for Wilmington Rebels : LHP Corey Moore
Pitching: LHP Juan Cruz
Batting: RHB Bob Carr 0-0: Ball
1-0: Called Strike
1-1: Ball
2-1: Called Strike
2-2: SINGLE (Groundball, 56D)
Batting: LHB Mitchell Oglethorpe 0-0: Ball
1-0: Ball
2-0: Ball
3-0: Base on Balls
Bob Carr to second
Batting: RHB Marcos Castillo 0-0: Ball
1-0: Ball
2-0: Called Strike
2-1: Ball
3-1: Base on Balls
Bob Carr to third
Mitchell Oglethorpe to second
Batting: LHB Bruce Foster 0-0: Called Strike
0-1: Called Strike
0-2: Foul Ball, location: 2F
0-2: Ball
1-2: Foul Ball, location: 2F
1-2: Ball
2-2: Fielders Choice at 2nd, 3-6 (Groundball, 34)
Bob Carr scores
Mitchell Oglethorpe to third
Batting: LHB Jesús Raugel 0-0: Called Strike
0-1: Ball
1-1: Ball
2-1: Called Strike
2-2: Fly out, F8 (Line Drive, 8LM)
Runner from 3rd tags up, OUT at HOME
Top of the 7th over - 1 run(s), 1 hit(s), 0 error(s), 1 left on base; Springfield 7 - Wilmington 11
BOTTOM OF THE 7TH
Wilmington Rebels batting - Pitching for Springfield Simpsons : LHP Michael Miller
Batting: LHB Larry Smith 0-0: Ball
1-0: Ball
2-0: Ball
3-0: Base on Balls
Batting: RHB Javier Martínez 0-0: Sac Bunt - play at first, batter OUT! 5-3
Larry Smith to second
Batting: RHB Al Reese 0-0: Swinging Strike
0-1: Fly out, F7 (Flyball, 78M)
Batting: RHB Enrico Bonizo 0-0: Fly out, F6 (Line Drive, 6M)
Bottom of the 7th over - 0 run(s), 0 hit(s), 0 error(s), 1 left on base; Springfield 7 - Wilmington 11
TOP OF THE 8TH
Springfield Simpsons batting - Pitching for Wilmington Rebels : LHP Juan Cruz
Batting: RHB Esteban Salas 0-0: Ball
1-0: Foul Ball, location: 2F
1-1: Swinging Strike
1-2: Ball
2-2: Strikes out swinging
Batting: LHB Carlos De La Rosa 0-0: Ball
1-0: Foul Ball, location: 2F
1-1: Ball
2-1: Swinging Strike
2-2: Ball
3-2: Base on Balls
Batting: RHB Taylor Justice 0-0: Ball
1-0: Fly out, F2 (Popup, 15)
Batting: LHB Raúl Morales 0-0: Called Strike
0-1: Foul Ball, location: 2F
0-2: Ball
1-2: Ball
2-2: Strikes out swinging
Top of the 8th over - 0 run(s), 0 hit(s), 0 error(s), 1 left on base; Springfield 7 - Wilmington 11
BOTTOM OF THE 8TH
Wilmington Rebels batting - Pitching for Springfield Simpsons : LHP Michael Miller
Batting: LHB Chandler Hubbard 0-0: Ball
1-0: Fly out, F7 (Flyball, 7S)
Batting: RHB Jessie Thompson 0-0: Ball
1-0: Called Strike
1-1: Called Strike
1-2: Strikes out swinging
Batting: RHB Francisco Tañón 0-0: Ball
1-0: Ball
2-0: Ball
3-0: Called Strike
3-1: Called Strike
3-2: Foul Ball, location: 2F
3-2: Base on Balls
Batting: RHB Eugene Ackerman 0-0: Ball
Francisco Tañón steals 2nd base
1-0: Called Strike
1-1: Ball
2-1: Foul Ball, location: 2F
2-2: Foul Ball, location: 2F
2-2: Fly out, F9 (Flyball, 9LSF)
Bottom of the 8th over - 0 run(s), 0 hit(s), 0 error(s), 1 left on base; Springfield 7 - Wilmington 11
TOP OF THE 9TH
Springfield Simpsons batting - Pitching for Wilmington Rebels : LHP Juan Cruz
Batting: RHB Bob Carr 0-0: Ball
1-0: Ground out 4-3 (Groundball, 4MS)
Batting: LHB Mitchell Oglethorpe 0-0: Foul Ball, location: 2F
0-1: Ball
1-1: Ball
2-1: Ball
3-1: Called Strike
3-2: Foul Ball, location: 2F
3-2: Ground out 6-3 (Groundball, 6D)
Batting: RHB Marcos Castillo 0-0: Ball
1-0: TRIPLE (Line Drive, 8LD)
Batting: LHB Bruce Foster 0-0: Foul Ball, location: 2F
0-1: Called Strike
0-2: Foul Ball, location: 2F
0-2: Ball
1-2: Fly out, F8 (Flyball, 8RD)
Top of the 9th over - 0 run(s), 1 hit(s), 0 error(s), 1 left on base; Springfield 7 - Wilmington 11
Thursday, March 30th, 2017 - OOTP Baseball 17.12 Build 75